 Dungeon Crawl Stone Soup version 0.29.1-2-gbd0b4ee654 (webtiles) character file.

Game seed: 10398312658617775735

2135 zeram the Shield-Bearer (level 9, -1/66 (74) HPs)
             Began as a Gnoll Fighter on Nov 6, 2022.
             Slain by an orc warrior
             ... wielding a +1 short sword of draining
              (10 damage)
             ... on level 6 of the Dungeon.
             The game lasted 00:10:57 (6665 turns).

zeram the Shield-Bearer (Gnoll Fighter)             Turns: 6665, Time: 00:10:58

HP:   -1/66 (74)    AC: 11    Str: 15    XL:     9   Next: 30%
MP:   15/15         EV: 10    Int: 11    God:
Gold: 401           SH:  6    Dex: 13    Spells: 16/16 levels left

rFire   . . .      SeeInvis .   u - +1 flail (pain)
rCold   . . .      Faith    .   c - +0 buckler
rNeg    . . .      Spirit   .   b - +0 scale mail
rPois   .          Reflect  .   h - +1 helmet
rElec   .          Harm     .   d - +0 cloak
rCorr   .          Rampage  .   (no gloves)
Will    .....                   (no boots)
Stlth   +.........              (no amulet)
HPRegen 0.21/turn               (no ring)
MPRegen 0.14/turn               (no ring)

@: heavily drained, invisible
A: fangs 1, strong nose, distributed training
a: no special abilities


You were on level 6 of the Dungeon.
You visited 1 branch of the dungeon, and saw 6 of its levels.

You collected 401 gold pieces.

Inventory:

Hand Weapons
 a - a +2 trident
 l - a +1 whip of venom
 u - a +1 flail of pain (weapon)
Missiles
 j - a throwing net (quivered)
Armour
 b - a +0 scale mail (worn)
 c - a +0 buckler (worn)
 d - a +0 cloak (worn)
 h - a +1 helmet (worn)
Jewellery
 i - an amulet of guardian spirit
 n - an amulet of faith
Wands
 m - a wand of iceblast (11)
 q - a wand of flame (19)
 w - a wand of mindburst (23)
Potions
 e - a potion of degeneration
 f - a potion of curing
 o - a potion of ambrosia {unknown}
 p - a potion of resistance {unknown}
 r - a potion of lignification {unknown}
 s - 2 potions of attraction {unknown}
 t - a potion of flight {unknown}
 v - 2 potions of mutation {unknown}


   Skills:
 + Level 7.9 Fighting
 + Level 4.2 Short Blades
 + Level 4.2 Long Blades
 + Level 4.2 Axes
 + Level 4.2 Maces & Flails
 + Level 6.3 Polearms
 + Level 4.2 Staves
 + Level 4.2 Ranged Weapons
 + Level 4.2 Throwing
 + Level 7.9 Armour
 + Level 4.2 Dodging
 + Level 4.2 Stealth
 + Level 7.9 Shields
 + Level 4.2 Unarmed Combat
 + Level 4.2 Spellcasting
 + Level 3.5 Conjurations
 + Level 3.5 Hexes
 + Level 3.5 Summonings
 + Level 3.5 Necromancy
 + Level 3.5 Translocations
 + Level 3.5 Transmutations
 + Level 3.5 Fire Magic
 + Level 3.5 Ice Magic
 + Level 3.5 Air Magic
 + Level 3.5 Earth Magic
 + Level 3.5 Poison Magic
 + Level 4.7 Invocations
 + Level 4.2 Evocations


You had 16 spell levels left.
You didn't know any spells.
Your spell library contained the following spells:

 Spells                   Type           Power      Damage    Failure   Level
 Gell's Gravitas          Tloc           10%        N/A       54%         3
 Ozocubu's Armour         Ice            10%        N/A       54%         3
 Teleport Other           Tloc           10%        N/A       54%         3
 Dispersal                Tloc           5%         N/A       100%        6
 Ozocubu's Refrigeration  Ice            5%         4d8       100%        7


Dungeon Overview and Level Annotations

Branches:
Dungeon (6/15)             Temple (0/1) D:6

Altars:


Innate Abilities, Weirdness & Mutations

You have very sharp teeth.
Your uncanny sense of smell can sniff out nearby items.
Your experience applies equally to all skills.


Message History

The orc is moderately wounded.
The orc closely misses you. x2; The orc hits you but does no damage.
The orc warrior hits you but does no damage.
You feel drained.
Unknown command.
You hit the orc.
You kill the orc!
The orc closely misses you. The orc warrior barely misses you.
The orc hits you with a +0 hand axe.
* * * LOW HITPOINT WARNING * * *
The orc warrior closely misses you.
The orc hits you with a +2 flail of holy wrath.
* * * LOW HITPOINT WARNING * * *
You sock the orc!
You kill the orc!
The orc hits you but does no damage.
Unknown command.
You barely miss the orc. The orc hits you but does no damage. x2
Unknown command.
You hit the orc.
The orc writhes in agony.
The orc is severely wounded.
The orc barely misses you. You block the orc's attack.
Unknown command.
You barely miss the orc.
The orc is severely wounded.
You block the orc's attack.
Unknown command.
Things that are here:
a +0 flail; an orc corpse; a hound corpse You strike the helpless orc from behind!
You hit the orc.
The orc writhes in agony.
You bite the orc.
You kill the orc!
The orc warrior closely misses you.
The orc priest calls down the wrath of Beogh upon you.
You struggle to resist.
Unknown command.
You hit the orc.
You kill the orc!
The orc warrior hits you with a +1 short sword of draining!
You die...

#######.############
#.####### #
#.......# #
#######.......# #
#.............# #
#.....).......# #
##....)........#
#..)oo####.....#
##.[@## .....# #...#
.....# #...# .....'
#..... ...## .......
.....⌠... ..........
####.....##


You could see an orc warrior (unable to see you) and an orc priest (unable to
see you).

Vanquished Creatures
  Pikel (D:3)
  Eustachio (D:5)
  Edmund (D:5)
  A water moccasin (D:5)
  An ice beast (D:6)
  A black bear (D:6)
  An ogre (D:4)
  A centaur (D:5)
  4 lemures
  2 scorpions
  3 wights (D:6)
  A howler monkey (D:4)
  Crazy Yiuf (D:5)
  3 orc priests (D:5)
  2 hounds
  A gnoll bouda (D:3)
  Ijyb (D:4)
  3 iguanas
  2 orc wizards
  A mummy (D:5)
  9 gnolls
  6 adders
  4 worms
  A dart slug (D:4)
  23 orcs
  10 endoplasms
  3 giant cockroaches
  7 goblins
  7 hobgoblins
  3 jackals (D:3)
  2 kobolds
  2 quokkas
  8 ball pythons
  4 bats (D:2)
  2 frilled lizards
  A goblin zombie (D:5)
  An orc zombie (D:5)
  11 rats
136 creatures vanquished.

Vanquished Creatures (others)
  An endoplasm (D:4)
1 creature vanquished.

Grand Total: 137 creatures vanquished

Notes
Turn   | Place    | Note
-------+----------+-------------------------------------------
     0 | D:1      | zeram the Gnoll Fighter began the quest for the Orb.
     0 | D:1      | Reached XP level 1. HP: 23/23 MP: 1/1
    80 | D:1      | Found a faded altar of an unknown god.
    95 | D:1      | Reached XP level 2. HP: 24/29 MP: 2/2
   642 | D:2      | Reached XP level 3. HP: 29/35 MP: 2/4
   643 | D:2      | Reached skill level 1 in Invocations
   769 | D:2      | Reached skill level 1 in Short Blades
   769 | D:2      | Reached skill level 1 in Long Blades
   769 | D:2      | Reached skill level 1 in Axes
   769 | D:2      | Reached skill level 1 in Maces & Flails
   769 | D:2      | Reached skill level 1 in Staves
   769 | D:2      | Reached skill level 1 in Ranged Weapons
   769 | D:2      | Reached skill level 1 in Throwing
   769 | D:2      | Reached skill level 1 in Dodging
   769 | D:2      | Reached skill level 1 in Stealth
   769 | D:2      | Reached skill level 1 in Unarmed Combat
   769 | D:2      | Reached skill level 1 in Spellcasting
   769 | D:2      | Reached skill level 1 in Evocations
   983 | D:2      | Reached XP level 4. HP: 39/41 MP: 5/5
  1385 | D:3      | Reached skill level 1 in Conjurations
  1385 | D:3      | Reached skill level 1 in Hexes
  1385 | D:3      | Reached skill level 1 in Summonings
  1385 | D:3      | Reached skill level 1 in Necromancy
  1385 | D:3      | Reached skill level 1 in Translocations
  1385 | D:3      | Reached skill level 1 in Transmutations
  1385 | D:3      | Reached skill level 1 in Fire Magic
  1385 | D:3      | Reached skill level 1 in Ice Magic
  1385 | D:3      | Reached skill level 1 in Air Magic
  1385 | D:3      | Reached skill level 1 in Earth Magic
  1385 | D:3      | Reached skill level 1 in Poison Magic
  1538 | D:3      | Reached XP level 5. HP: 34/47 MP: 7/7
  2636 | D:4      | Noticed a lemure
  2650 | D:4      | Killed a lemure
  2651 | D:4      | Noticed a lemure
  2651 | D:4      | Noticed Pikel
  2651 | D:4      | Noticed a lemure
  2760 | D:4      | Noticed a lemure
  2769 | D:3      | Reached XP level 6. HP: 23/53 MP: 8/8
  3282 | D:3      | Killed Pikel
  3283 | D:3      | Reached skill level 5 in Polearms
  3283 | D:3      | Reached XP level 7. HP: 21/60 MP: 8/11
  3514 | D:4      | Noticed Ijyb
  3533 | D:4      | Killed Ijyb
  3943 | D:4      | Reached XP level 8. HP: 55/67 MP: 12/12
  4164 | D:5      | Entered Level 5 of the Dungeon
  4861 | D:5      | Noticed Eustachio
  4901 | D:5      | Killed Eustachio
  5040 | D:5      | Noticed Edmund
  5052 | D:5      | Killed Edmund
  5583 | D:5      | Reached XP level 9. HP: 53/73 MP: 14/14
  5731 | D:5      | Found a runed translucent door.
  5732 | D:5      | Noticed Crazy Yiuf
  5739 | D:5      | Killed Crazy Yiuf
  5817 | D:6      | Found a staircase to the Ecumenical Temple.
  6665 | D:6      | Slain by an orc warrior

Illustrated notes

Levels and vault maps discovered:
D:1:      saegor_arrival_simple_e, layout_rooms, ebering_ecumenical_altar_ruins,
          chequers_serial_rivers_micro_b
D:2:      layout_basic, mrwooster_statue_mirror
D:3:      layout_basic
D:4:      layout_cave_pools, minmay_door_square, uniq_ijyb, uniq_pikel
D:5:      layout_gridville, nicolae_ossuary_entry_giza, serial_glass,
          glass_columns_b, glass_columns_b, glass_columns_a, glass_columns_b,
          uniq_eustachio, uniq_crazy_yiuf_cottage, uniq_edmund
D:6:      layout_basic, minmay_temple_entry_stoned_glass, grunt_ministairs_6

Skill      XL: |  1  2  3  4  5  6  7  8  9 |
---------------+----------------------------+-----
Invocations    | 1 2 3 4 |  4.7
Short Blades   | 1 2 3 4 |  4.2
Long Blades    | 1 2 3 4 |  4.2
Axes           | 1 2 3 4 |  4.2
Maces & Flails | 1 2 3 4 |  4.2
Staves         | 1 2 3 4 |  4.2
Ranged Weapons | 1 2 3 4 |  4.2
Throwing       | 1 2 3 4 |  4.2
Dodging        | 1 2 3 4 |  4.2
Stealth        | 1 2 3 4 |  4.2
Unarmed Combat | 1 2 3 4 |  4.2
Spellcasting   | 1 2 3 4 |  4.2
Evocations     | 1 2 3 4 |  4.2
Conjurations   | 1 2 3 |  3.5
Hexes          | 1 2 3 |  3.5
Summonings     | 1 2 3 |  3.5
Necromancy     | 1 2 3 |  3.5
Translocations | 1 2 3 |  3.5
Transmutations | 1 2 3 |  3.5
Fire Magic     | 1 2 3 |  3.5
Ice Magic      | 1 2 3 |  3.5
Air Magic      | 1 2 3 |  3.5
Earth Magic    | 1 2 3 |  3.5
Poison Magic   | 1 2 3 |  3.5
Fighting       | 7 |  7.9
Polearms       | 5 6 |  6.3
Armour         | 7 |  7.9
Shields        | 7 |  7.9

Action                   |  1- 3 |  4- 6 |  7- 9 || total
-------------------------+-------+-------+-------++-------
Melee: Trident           |   102 |    53 |       ||   155
       Bite              |     3 |    19 |    40 ||    62
       Whip              |       |   132 |   157 ||   289
       Unarmed           |       |     2 |       ||     2
       Flail             |       |       |   122 ||   122
  Use: Scroll            |     3 |     6 |     7 ||    16
       Potion            |       |     1 |     5 ||     6
 Stab: Invisible         |       |       |     3 ||     3
Armor: Scale mail        |    33 |    88 |   147 ||   268
Dodge: Dodged            |    26 |    79 |   167 ||   272
Block: Buckler           |    14 |    50 |   112 ||   176
